[Event "Team 45 45 League T48"]
[Site "Internet Chess Club"]
[Date "2011.02.19"]
[Round "2"]
[White "gerailen0075"]
[Black "Razorbackchess"]
[Result "1-0"]
[WhiteElo "1896"]
[BlackElo "1786"]
[Opening "Sicilian defense"]
[ECO "B44"]
[Time "17:02:15"]
[TimeControl "2700+45"]

1. e4 c5 2. Nf3 e6 3. d4 cxd4 4. Nxd4 Nc6 5. Nxc6 bxc6 6. Bd3 Nf6 7. O-O d5 8.
Nd2 Be7 9. c4 Bb7 10. b3 Qc7 11. Bb2 Bd6 12. h3 Be5 13. Bxe5 Qxe5 14. Nf3 Qc7
15. e5 Nd7 16. Re1 c5 17. cxd5 Bxd5 18. Rc1 a5 19. Qe2 O-O 20. Bxh7+ Kxh7 21.
Ng5+ Kg8 22. Qh5 Rfe8 23. Qxf7+ Kh8 24. Qh5+ Kg8 25. Qh7+ Kf8 26. Qh8+ Ke7 27.
Qxg7+ Kd8 28. Nf7+ Kc8 29. Nd6+ Kd8 {Black resigns} 1-0

[Event "Team 45 45 League T48"]
[Site "Internet Chess Club"]
[Date "2011.02.25"]
[Round "2"]
[White "Tamarin"]
[Black "ILRE"]
[Result "1-0"]
[WhiteElo "1709"]
[BlackElo "1623"]
[Opening "King's Indian: orthodox, Aronin-Taimanov, bayonet attack"]
[ECO "E97"]
[Time "19:00:21"]
[TimeControl "2700+45"]

1. d4 Nf6 2. c4 g6 3. Nc3 Bg7 4. e4 d6 5. Nf3 O-O 6. Be2 e5 7. O-O Nc6 8. d5 Ne7
9. b4 Nh5 10. c5 Nf4 11. Bxf4 exf4 12. Rc1 a5 13. cxd6 cxd6 14. Nb5 Bg4 15. Rc7
axb4 16. Qd2 Bxf3 17. Bxf3 Be5 18. Rxb7 Qa5 19. Rxe7 Qxb5 20. Be2 Qa5 21. Bc4
Rfb8 22. Rb1 Qd8 23. Rxe5 dxe5 24. Rxb4 Rxb4 25. Qxb4 Rb8 26. Qe1 Qg5 27. Bb3
Rc8 28. f3 Qe7 29. Qd2 Qc5+ 30. Kf1 Kf8 31. Qd3 Qc1+ 32. Kf2 Rc3 33. Qe2 Re3 34.
Qd1 Qc5 35. Kf1 Rc3 36. Qd2 Rc1+ 37. Bd1 Rc3 38. Bb3 Re3 39. h3 Qb5+ 40. Kf2 Qc5
41. Kf1 Qe7 42. Qa5 Kg7 43. Qd2 g5 44. d6 Qd7 45. Kg1 Qb5 46. d7 Re2 47. d8=Q
Qc5+ 48. Kh2 Rxd2 49. Qxd2 Qb6 50. Qd7 Qf6 51. a4 h5 52. a5 g4 53. Qxf7+ Qxf7
54. Bxf7 Kxf7 55. a6 {Black resigns} 1-0

[Event "Team 45 45 League T48"]
[Site "Internet Chess Club"]
[Date "2011.02.21"]
[Round "2"]
[White "BrandonBee"]
[Black "badmove"]
[Result "1/2-1/2"]
[WhiteElo "1574"]
[BlackElo "1725"]
[Opening "Ruy Lopez: Anderssen variation"]
[ECO "C77"]
[Time "15:01:27"]
[TimeControl "2700+45"]

1. e4 e5 2. Nf3 Nc6 3. Bb5 a6 4. Ba4 Nf6 5. d3 d6 6. Nbd2 b5 7. Bb3 Be7 8. c3
O-O 9. h3 Na5 10. Bc2 c5 11. d4 Qc7 12. d5 Nb7 13. Nf1 Nd8 14. g4 Ne8 15. Ng3 f6
16. Nh4 g6 17. Ng2 Nf7 18. f4 exf4 19. Bxf4 Ne5 20. Ne3 c4 21. h4 Qc5 22. Bxe5
fxe5 23. Qe2 Bd7 24. O-O-O Rc8 25. h5 g5 26. Rdf1 Nf6 27. Ngf5 Bd8 28. h6 b4 29.
Nd1 bxc3 30. Nxc3 Ba5 31. Ne7+ Kh8 32. Nxc8 Qxc8 {Game drawn by mutual
agreement} 1/2-1/2

[Event "Team 45 45 League T48"]
[Site "Internet Chess Club"]
[Date "2011.02.21"]
[Round "2"]
[White "MateIn42"]
[Black "Helaman"]
[Result "1-0"]
[WhiteElo "1463"]
[BlackElo "1425"]
[Opening "Petrov: Cozio (Lasker) attack"]
[ECO "C42"]
[Time "19:21:30"]
[TimeControl "2700+45"]

1. e4 e5 2. Nf3 Nf6 3. Nxe5 d6 4. Nf3 Nxe4 5. Qe2 Qe7 6. d4 Nd7 7. Nbd2 Ndf6 8.
Nxe4 Nxe4 9. Ng5 Nxg5 10. Bxg5 Qxe2+ 11. Bxe2 d5 12. Bf4 c5 13. O-O Bf5 14. Rfe1
O-O-O 15. Rad1 Be7 16. Bd3 Bxd3 17. Rxe7 Bg6 18. Rc7+ Kb8 19. Rxc5+ Ka8 20. Re1
Rhe8 21. Rxe8 Rxe8 22. Kf1 Bh5 23. f3 Rd8 24. Bc7 b6 25. Bxd8 bxc5 26. dxc5 Kb7
27. Ke2 Bg6 28. c3 Bb1 29. a3 Ba2 30. Kd3 Bb3 31. Kd4 Kc6 32. f4 Kd7 33. Bh4 h5
34. Bf2 f6 35. h3 Ke6 36. g4 hxg4 37. hxg4 f5 38. gxf5+ Kxf5 39. c6 Ke6 40. Kc5
g6 41. Bh4 Bc4 42. b4 a6 43. Kb6 {Black resigns} 1-0

[Event "Team 45 45 League T48"]
[Site "Internet Chess Club"]
[Date "2011.02.20"]
[Round "2"]
[White "misuc56"]
[Black "imawesome"]
[Result "0-1"]
[WhiteElo "1802"]
[BlackElo "1749"]
[Opening "Queen's pawn game"]
[ECO "E00"]
[Time "09:07:15"]
[TimeControl "2700+45"]

1. d4 Nf6 2. c4 e6 3. e3 c5 4. Nf3 d5 5. Nc3 cxd4 6. exd4 Nc6 7. h3 Bb4 8. Be3
O-O 9. Be2 Qa5 10. Bd2 Qb6 11. c5 Qd8 12. O-O Re8 13. a3 Bxc3 14. Bxc3 Ne4 15.
Rc1 f6 16. Bb5 Qc7 17. Bxc6 bxc6 18. Nd2 Nxc3 19. Rxc3 e5 20. Re1 Bf5 21. g4
exd4 22. Rg3 Bg6 23. Nf3 Rxe1+ 24. Qxe1 Re8 25. Qd2 d3 26. Nd4 Qe5 27. Nb3 Qe1+
28. Qxe1 Rxe1+ 29. Kg2 Re2 30. Kf1 Rxb2 31. f4 Rxb3 32. f5 d2 {White resigns}
0-1

[Event "Team 45 45 League T48"]
[Site "Internet Chess Club"]
[Date "2011.02.19"]
[Round "2"]
[White "ryan2chess"]
[Black "xt"]
[Result "1-0"]
[WhiteElo "1903"]
[BlackElo "1535"]
[Opening "Sicilian: Najdorf"]
[ECO "B90"]
[Time "21:01:26"]
[TimeControl "2700+45"]

1. e4 c5 2. Nf3 d6 3. d4 cxd4 4. Nxd4 Nf6 5. Nc3 a6 6. f3 e6 7. Be3 Be7 8. Qd2
Qc7 9. Bd3 Nc6 10. O-O-O Bd7 11. Kb1 O-O-O 12. Qe2 Kb8 13. Qf2 Ne5 14. Nb3 Rdf8
15. Bb6 Qc8 16. Be2 Nc4 17. Na5 Nxb6 18. Qxb6 Bd8 19. Qxd6+ Bc7 20. Qb4 Ka8 21.
Nc4 Rd8 22. e5 Nh5 23. Ne4 Qb8 24. Ncd6 Rhf8 25. g3 f5 26. Nc5 Bxd6 27. Rxd6 g6
28. Nxd7 {Black resigns} 1-0

[Event "Team 45 45 League T48"]
[Site "Internet Chess Club"]
[Date "2011.02.19"]
[Round "2"]
[White "Chess64655"]
[Black "juniorVishy"]
[Result "1-0"]
[WhiteElo "1667"]
[BlackElo "1647"]
[Opening "Sicilian: accelerated fianchetto, Maróczy bind, 6.Be3"]
[ECO "B38"]
[Time "15:00:36"]
[TimeControl "2700+45"]

1. e4 c5 2. Nf3 Nc6 3. d4 cxd4 4. Nxd4 g6 5. c4 Bg7 6. Be3 Nf6 7. Nc3 d6 8. Be2
O-O 9. O-O Bd7 10. Qd2 Ng4 11. Nxc6 bxc6 12. Bf4 Re8 13. Rad1 Be6 14. b3 Qa5 15.
Rc1 Red8 16. h3 Nf6 17. Bh6 Bh8 18. Nd5 Qxd5 19. exd5 cxd5 20. Bf3 Ne4 21. Bxe4
dxe4 22. Qe3 f5 23. f3 d5 24. fxe4 dxe4 25. Rcd1 Bf7 26. Rxd8+ Rxd8 27. Qf4 Bd4+
28. Kh1 Rd6 29. Rd1 Be8 30. Rxd4 Rxd4 31. Qe5 Rd1+ 32. Kh2 Kf7 33. h4 Rd6 34.
Qh8 Rd8 35. Qxh7+ Ke6 36. Qg8+ Kd7 37. Qd5+ Kc7 38. Bf4+ Kc8 39. Qa8+ Kd7 40.
Qxa7+ Ke6 41. Qb6+ Kd7 42. Qc7+ {Black resigns} 1-0

[Event "Team 45 45 League T48"]
[Site "Internet Chess Club"]
[Date "2011.02.22"]
[Round "2"]
[White "cazj"]
[Black "CKNIGHT3"]
[Result "0-1"]
[WhiteElo "1333"]
[BlackElo "1606"]
[Opening "Sicilian: Alapin's variation (2.c3)"]
[ECO "B22"]
[Time "21:30:51"]
[TimeControl "2700+45"]

1. e4 c5 2. c3 d5 3. exd5 Qxd5 4. d4 Nc6 5. Be3 cxd4 6. cxd4 Nf6 7. Nc3 Qd8 8.
Nf3 e6 9. Bb5 a6 10. Bxc6+ bxc6 11. Ne5 Qc7 12. Bg5 Nd7 13. Bf4 Bd6 14. Qf3 Nxe5
15. Bxe5 Bxe5 16. dxe5 Qxe5+ 17. Ne2 Bb7 18. O-O O-O 19. Rfd1 Rab8 20. Rd2 c5
21. Qc3 Qg5 22. Ng3 f5 23. f3 Qe7 24. Re1 Rbe8 25. Nh5 Qg5 26. Rd7 Rf7 27. Rxf7
Kxf7 28. Ng3 Rc8 29. Qc4 Qg6 30. Nh5 Bxf3 31. Nf4 Qf6 32. Rxe6 Qd4+ 33. Qxd4
cxd4 34. gxf3 g5 35. Rxa6 gxf4 36. Kf1 d3 37. Rd6 Rc1+ 38. Kg2 Rc2+ 39. Kh3 Rxb2
40. Rxd3 Rxa2 41. Rd4 Kg6 42. Rxf4 Kg5 43. Rh4 Rxh2+ {White resigns} 0-1

[Event "Team 45 45 League T48"]
[Site "Internet Chess Club"]
[Date "2011.02.20"]
[Round "2"]
[White "crazyhorses"]
[Black "KyleMayhugh"]
[Result "1-0"]
[WhiteElo "1466"]
[BlackElo "1390"]
[Opening "Réti: King's Indian attack (Barcza system)"]
[ECO "A07"]
[Time "12:00:35"]
[TimeControl "2700+45"]

1. Nf3 d5 2. g3 Nc6 3. Bg2 Bf5 4. d3 e6 5. O-O Bd6 6. Nbd2 Nge7 7. Re1 Qd7 8. e4
Bg4 9. h3 Bh5 10. c3 O-O-O 11. Qa4 dxe4 12. Nxe4 f5 13. Nxd6+ Qxd6 14. Bf4 Qxd3
15. Ne5 Nxe5 16. Bxe5 a6 17. Qh4 Bf3 18. Qxe7 {Black resigns} 1-0

[Event "Team 45 45 League T48"]
[Site "Internet Chess Club"]
[Date "2011.02.20"]
[Round "2"]
[White "BrianWood"]
[Black "mongmong"]
[Result "0-1"]
[WhiteElo "1381"]
[BlackElo "1622"]
[Opening "Nimzo-Indian: three knights variation"]
[ECO "E21"]
[Time "19:01:46"]
[TimeControl "2700+45"]

1. d4 e6 2. Nf3 Nf6 3. c4 Bb4+ 4. Nc3 b6 5. g3 Bb7 6. Bg2 O-O 7. O-O Bxc3 8.
bxc3 d6 9. a4 c5 10. Bf4 Qe7 11. Re1 Rd8 12. Nd2 Bxg2 13. Kxg2 e5 14. dxe5 dxe5
15. Bg5 h6 16. Bxf6 Qxf6 17. Ne4 Qe6 18. Qxd8+ Kh7 19. Qd3 Kg8 20. Red1 Na6 21.
Qd5 Re8 22. Nd6 Re7 23. Qa8+ Kh7 24. Nb5 Qxc4 25. Nxa7 Nc7 26. Qc6 Qxe2 27. Qxb6
Qe4+ 28. Kg1 Ne6 29. Nc6 Ng5 30. Nxe7 Nf3+ 31. Kf1 Nxh2+ 32. Kg1 Nf3+ 33. Kh1
Ne1+ {White resigns} 0-1

[Event "Team 45 45 League T48"]
[Site "Internet Chess Club"]
[Date "2011.02.18"]
[Round "2"]
[White "seattleblues"]
[Black "Burbia"]
[Result "1-0"]
[WhiteElo "1376"]
[BlackElo "1354"]
[Opening "French: King's Indian attack"]
[ECO "C00"]
[Time "18:03:30"]
[TimeControl "2700+45"]

1. e4 e6 2. d3 d5 3. Nd2 c5 4. Ngf3 Nc6 5. g3 g6 6. Bg2 Bg7 7. O-O Nge7 8. Re1
O-O 9. Nb3 b6 10. c3 h6 11. e5 Qc7 12. d4 c4 13. Nbd2 Bb7 14. Nf1 f6 15. Bh3 Bc8
16. exf6 Rxf6 17. Bf4 Qd8 18. Ne5 g5 19. Nxc6 Nxc6 20. Bd2 e5 21. dxe5 Nxe5 22.
Bxc8 Nf3+ 23. Kg2 Nxe1+ 24. Bxe1 Rxc8 25. Ne3 Qd7 26. Qxd5+ Qxd5+ 27. Nxd5 Rd6
28. Ne7+ Kh7 29. Nxc8 Re6 30. Nxa7 Re2 31. Rb1 {Black resigns} 1-0

[Event "Team 45 45 League T48"]
[Site "Internet Chess Club"]
[Date "2011.02.17"]
[Round "2"]
[White "Tinks12345"]
[Black "Conjurer"]
[Result "1-0"]
[WhiteElo "1333"]
[BlackElo "1131"]
[Opening "Sicilian: Najdorf, 6...e6"]
[ECO "B95"]
[Time "14:56:46"]
[TimeControl "2700+45"]

1. e4 c5 2. Nf3 d6 3. Nc3 a6 4. d4 cxd4 5. Nxd4 Nf6 6. Bg5 e6 7. Be2 g6 8. Nf3
Nc6 9. e5 h6 10. Bxf6 Qb6 11. Bxh8 Qxb2 12. exd6 e5 13. O-O Qxc3 14. Qd3 Qc5 15.
Rad1 Bd7 16. Qc4 Bxd6 17. Qxc5 Bxc5 18. Bxe5 Nxe5 19. Nxe5 Be6 20. Bc4 Rd8 21.
Rxd8+ Kxd8 22. Bxe6 fxe6 23. Nf7+ {Black resigns} 1-0

[Event "Team 45 45 League T48"]
[Site "Internet Chess Club"]
[Date "2011.02.21"]
[Round "2"]
[White "kidcobra"]
[Black "Gilguli"]
[Result "1/2-1/2"]
[WhiteElo "1752"]
[BlackElo "1350"]
[Opening "Latvian counter-gambit"]
[ECO "C40"]
[Time "15:01:38"]
[TimeControl "2700+45"]

1. e4 e5 2. Nf3 f5 3. d3 fxe4 4. dxe4 Nf6 5. Nxe5 Qe7 6. Nf3 Qxe4+ 7. Qe2 Bb4+
8. c3 Bc5 9. Nbd2 Qxe2+ 10. Bxe2 O-O 11. O-O d5 12. Nb3 Bd6 13. Bg5 Bg4 14. h3
Bh5 15. Nfd4 Bxe2 16. Nxe2 Nbd7 17. Rad1 Rae8 18. Rfe1 c6 19. Ned4 Ne4 20. Be3
Ne5 21. f3 Ng3 22. Bf2 Nc4 23. Rb1 Rxe1+ 24. Bxe1 Re8 25. Bxg3 Bxg3 26. Nf5 Bf4
27. Kf2 g6 28. Nfd4 Be3+ 29. Kg3 Bxd4 30. Nxd4 c5 31. Nb5 a6 32. Nc7 Re2 33.
Nxd5 Rxb2 34. Rxb2 Nxb2 35. Kf4 Kf7 36. Ke5 Nc4+ 37. Ke4 b5 38. Nc7 Nd6+ 39. Kd5
Ke7 40. Kxc5 Nc4 41. Nxa6 Ne3 42. g4 Ng2 43. Kxb5 Nf4 44. c4 Nxh3 45. c5 h5 46.
gxh5 gxh5 47. Nb4 Nf4 48. Nc2 h4 49. Ne3 h3 50. Ng4 Ng2 51. Kb6 Ne3 52. Nh2 Nd5+
53. Kb7 Kd7 54. f4 Nc7 55. a4 Ne6 56. Kb6 Nxf4 57. c6+ Kc8 58. a5 Nd5+ 59. Kc5
Nc7 60. Kb6 Nd5+ 61. Kc5 Nc7 62. Kd6 Nb5+ 63. Kd5 Kc7 64. a6 Na7 65. Kc5 Nxc6
66. Kd5 Nb4+ 67. Ke4 Nxa6 68. Kf3 Nc5 69. Kg3 Ne4+ 70. Kxh3 {Game drawn because
neither player has mating material} 1/2-1/2

[Event "Team 45 45 League T48"]
[Site "Internet Chess Club"]
[Date "2011.02.18"]
[Round "2"]
[White "arconia"]
[Black "tryanything"]
[Result "0-1"]
[WhiteElo "1355"]
[BlackElo "1561"]
[Opening "Four knights game"]
[ECO "C47"]
[Time "18:02:40"]
[TimeControl "2700+45"]

1. e4 e5 2. Nf3 Nc6 3. Nc3 Nf6 4. d3 h6 5. Be2 d5 6. exd5 Nxd5 7. O-O Nxc3 8.
bxc3 Bd6 9. Bb2 O-O 10. h3 Re8 11. d4 exd4 12. cxd4 Bf5 13. a3 a6 14. Nh2 Qg5
15. Nf3 Qg6 16. Nh4 Bxc2 17. Qd2 Qe4 18. Bg4 Qf4 19. Qxf4 Bxf4 20. Bd7 Re7 21.
Bxc6 bxc6 22. g3 Rb8 23. Bc3 Bd6 24. Rfc1 Be4 25. Bb4 Bxb4 26. axb4 Bd5 27. Nf5
Ree8 28. Rxa6 Rxb4 29. Ra7 Rb2 30. Rxc7 Ree2 31. Ne7+ Kh7 32. Nxd5 cxd5 33. Rxf7
Kg6 34. Rcc7 Red2 35. Rxg7+ Kf6 36. Rgf7+ Ke6 37. Rce7+ Kd6 38. Rd7+ Kc6 39.
Rc7+ Kd6 40. Ra7 Ke6 41. Rg7 Rxd4 42. Ra6+ Ke5 43. Re7+ Kf5 44. Rae6 Rdd2 45.
g4+ Kg5 46. Re5+ Kf6 47. R5e6+ Kg5 48. f4+ Kxf4 49. Rf7+ Kg3 50. Re3+ Kh4 51.
Rff3 d4 52. Rd3 Rb1+ 53. Rf1 Rxf1+ 54. Kxf1 Rxd3 {White resigns} 0-1

[Event "Team 45 45 League T48"]
[Site "Internet Chess Club"]
[Date "2011.02.21"]
[Round "2"]
[White "LeanSixSigma"]
[Black "shamos1"]
[Result "1-0"]
[WhiteElo "1435"]
[BlackElo "1324"]
[Opening "Sicilian defense"]
[ECO "B32"]
[Time "09:03:21"]
[TimeControl "2700+45"]

1. e4 c5 2. Nf3 Nc6 3. d4 cxd4 4. Nxd4 d6 5. Nc3 e5 6. Ndb5 a6 7. Na3 Nf6 8. Bg5
Be7 9. Nc4 b5 10. Bxf6 bxc4 11. Bxg7 Rg8 12. Bh6 Nd4 13. Bd2 Bg5 14. Ne2 Qb6 15.
c3 Bxd2+ 16. Qxd2 Nc6 17. Ng3 Ne7 18. Bxc4 Bb7 19. Rg1 Rg6 20. O-O-O Rc8 21. Bb3
Ng8 22. f3 a5 23. Nf5 Rd8 24. h4 Ne7 25. h5 Rg8 26. Nh6 Rf8 27. g4 d5 28. Ba4+
Bc6 29. Bxc6+ Qxc6 30. Qg5 dxe4 31. Rxd8+ Kxd8 32. Qxe5 Qxh6+ 33. f4 Qe6 34.
Rd1+ Ke8 35. Qxa5 f6 36. f5 Qc8 37. Qa4+ Kf7 38. Qxe4 Rd8 39. Qe6+ Kf8 40. Qxf6+
Ke8 41. Qh8+ Kf7 42. Qxh7+ Kf6 43. Qh6+ Ke5 44. Qe3+ Kf6 45. g5+ Kf7 46. Qe6+
Kf8 47. Qh6+ Kf7 48. Qh7+ Kf8 49. Rxd8+ Qxd8 50. Qh6+ Ke8 51. Qe6 Qc7 52. f6
Qf4+ 53. Kc2 Qxg5 54. Qxe7# {Black checkmated} 1-0

[Event "Team 45 45 League T48"]
[Site "Internet Chess Club"]
[Date "2011.02.17"]
[Round "2"]
[White "eyalki"]
[Black "KidRattler"]
[Result "1-0"]
[WhiteElo "1395"]
[BlackElo "1210"]
[Opening "Ruy Lopez: Caro variation"]
[ECO "C70"]
[Time "14:28:39"]
[TimeControl "2700+45"]

1. e4 e5 2. Nf3 Nc6 3. Bb5 a6 4. Ba4 b5 5. Bb3 Nf6 6. Nc3 h6 7. O-O Bb4 8. Nd5
Nxd5 9. Bxd5 Qf6 10. c3 Bc5 11. b4 Bb6 12. a4 Bb7 13. a5 Ba7 14. Ne1 d6 15. Qf3
Qxf3 16. Nxf3 Kd7 17. Bxf7 Rhf8 18. Bd5 Nd8 19. Bxb7 Nxb7 20. d4 Rfe8 21. d5
Rac8 22. Nh4 Rf8 23. Nf5 Rg8 24. Re1 Rgf8 25. Be3 Bxe3 26. Rxe3 Rf7 27. Rg3 Rg8
28. Nxh6 gxh6 29. Rxg8 Nd8 30. Re1 c6 31. dxc6+ Nxc6 32. Rh8 Ke6 33. Rxh6+ Ke7
34. Re3 Kf8 35. Rf3 Rf4 36. Rxf4+ {Black resigns} 1-0

[Event "Team 45 45 League T48"]
[Site "Internet Chess Club"]
[Date "2011.02.21"]
[Round "2"]
[White "SlimeDog2"]
[Black "koni"]
[Result "1/2-1/2"]
[WhiteElo "2032"]
[BlackElo "1908"]
[Opening "Old Indian: Tartakower (Wade) variation"]
[ECO "A41"]
[Time "12:06:39"]
[TimeControl "2700+45"]

1. d4 d6 2. Nf3 Bg4 3. e4 Nf6 4. h3 Bh5 5. Bd3 e6 6. Nbd2 Be7 7. b3 d5 8. e5
Nfd7 9. Bb2 c5 10. g4 Bg6 11. Bxg6 hxg6 12. Qe2 Nc6 13. dxc5 Bxc5 14. c4 d4 15.
a3 a5 16. Qe4 Qb6 17. Kf1 O-O-O 18. Kg2 Ndb8 19. Qd3 Qc7 20. Rhe1 Nd7 21. Qe4
Qb6 22. Ng5 Rhf8 23. f4 Qc7 24. Ndf3 Qb6 25. Qd3 Be7 26. Ne4 Nc5 27. Nxc5 Bxc5
28. Rad1 Rd7 29. Qc2 Rh8 30. Rd3 Kb8 31. Red1 Qd8 32. Qd2 Qb6 33. Ng5 Rhd8 34.
Qf2 Rh8 35. Ne4 Be7 36. Qc2 Rhd8 37. c5 Qb5 38. Nd6 Bxd6 39. exd6 Rc8 40. Rc1
{Game drawn by mutual agreement} 1/2-1/2

[Event "Team 45 45 League T48"]
[Site "Internet Chess Club"]
[Date "2011.02.19"]
[Round "2"]
[White "BigH"]
[Black "RosewoodTele"]
[Result "0-1"]
[WhiteElo "1789"]
[BlackElo "1802"]
[Opening "King's Indian: fianchetto, Kavalek (Bronstein) variation"]
[ECO "E62"]
[Time "11:12:31"]
[TimeControl "2700+45"]

1. d4 Nf6 2. c4 g6 3. g3 Bg7 4. Bg2 O-O 5. Nc3 d6 6. Nf3 c6 7. O-O Qa5 8. e4 e5
9. h3 Nbd7 10. Be3 a6 11. a4 Rb8 12. Qc2 Re8 13. Rfd1 Nf8 14. Kh2 Bd7 15. b3 Qc7
16. a5 exd4 17. Bxd4 c5 18. Nd5 Nxd5 19. cxd5 b5 20. axb6 Qxb6 21. Bxg7 Kxg7 22.
Nd2 Bb5 23. Bf1 Nd7 24. Kg2 Kg8 25. Bc4 h5 26. Re1 Qd8 27. f4 Qf6 28. Nf3 Bxc4
29. Qxc4 Rb4 30. Qxa6 Rbxe4 31. Qc6 Qb2+ 32. Kg1 Nf6 33. Ra8 Rxa8 34. Qxa8+ Kg7
35. Rf1 Re2 36. Qa1 Qxb3 37. f5 g5 38. Nxg5 Qxg3+ {White resigns} 0-1

[Event "Team 45 45 League T48"]
[Site "Internet Chess Club"]
[Date "2011.02.18"]
[Round "2"]
[White "musk6868"]
[Black "Plattner"]
[Result "1-0"]
[WhiteElo "1888"]
[BlackElo "1765"]
[Opening "Queen's Indian: 4.Nc3"]
[ECO "E12"]
[Time "09:07:59"]
[TimeControl "2700+45"]

1. d4 Nf6 2. Nf3 b6 3. c4 e6 4. Nc3 Bb7 5. e3 Be7 6. Bd3 d5 7. cxd5 exd5 8. O-O
O-O 9. b3 Nbd7 10. Bb2 Re8 11. Rc1 Bf8 12. Bb1 a6 13. Ne2 Ne4 14. Nf4 Ndf6 15.
Ne5 c5 16. Qd3 g6 17. f3 Ng5 18. Rfe1 Rc8 19. Ne2 Bg7 20. Ng3 Nd7 21. Ng4 Nf6
22. Nf2 Ne6 23. Kh1 b5 24. dxc5 Nxc5 25. Qd2 Ne6 26. Nd3 Qb6 27. Ne2 Rxc1 28.
Rxc1 a5 29. Nd4 b4 30. Nxe6 Rxe6 31. Bd4 Qd8 32. Nc5 Re7 33. Bd3 Bc8 34. Qb2 Nh5
35. Bxg7 Nxg7 36. Qd4 Ne6 37. Nxe6 Bxe6 38. Qc5 Re8 39. Bb5 Rf8 40. Kg1 Qf6 41.
Ba6 Qe5 42. e4 Qg5 43. Bb7 dxe4 44. Qxg5 {Black resigns} 1-0

[Event "Team 45 45 League T48"]
[Site "Internet Chess Club"]
[Date "2011.02.18"]
[Round "2"]
[White "Nakke"]
[Black "Eiliyah1"]
[Result "1-0"]
[WhiteElo "1725"]
[BlackElo "1470"]
[Opening "French: Tarrasch, open variation"]
[ECO "C07"]
[Time "12:31:59"]
[TimeControl "2700+45"]

1. e4 e6 2. d4 d5 3. Nd2 c5 4. dxc5 Bxc5 5. Nb3 Bxf2+ 6. Kxf2 Qh4+ 7. g3 Qxe4 8.
Bg2 Qf5+ 9. Nf3 Nf6 10. Rf1 Bd7 11. Kg1 e5 12. Nc5 O-O 13. Nh4 Qh5 14. Nxd7
Nbxd7 15. Bf3 Qxf3 {Black resigns} 1-0

[Event "Team 45 45 League T48"]
[Site "Internet Chess Club"]
[Date "2011.02.18"]
[Round "2"]
[White "giltar"]
[Black "viking99"]
[Result "1/2-1/2"]
[WhiteElo "1866"]
[BlackElo "1885"]
[Opening "Queen's pawn game"]
[ECO "D04"]
[Time "10:03:29"]
[TimeControl "2700+45"]

1. d4 Nf6 2. Nf3 d5 3. e3 Bg4 4. h3 Bh5 5. g4 Bg6 6. Ne5 Nbd7 7. Nxg6 hxg6 8. c4
e6 9. Nc3 Bb4 10. Bd2 Bxc3 11. Bxc3 Ne4 12. Bg2 Ndf6 13. Qb3 Nxc3 14. bxc3 O-O
15. cxd5 exd5 16. O-O Rb8 17. c4 c6 18. Rac1 Re8 19. Qa3 a6 20. Qb3 Ne4 21. Rfd1
Qh4 22. Qb2 Ng5 23. Kh2 f5 24. gxf5 gxf5 25. cxd5 Kf7 26. Qc2 g6 27. dxc6 Nxh3
28. Bxh3 Rh8 29. Qc4+ Kg7 30. Qf1 bxc6 31. Rb1 g5 32. Qg2 g4 33. Qg3 Qxh3+ 34.
Qxh3 Rxh3+ 35. Kg2 Rb5 36. Rdc1 Rh6 37. Kg3 Rd6 38. Kf4 Kf6 39. Rh1 Kg6 40. a4
Rbd5 41. Rhc1 Re6 42. Rb6 Rdd6 43. Rxa6 Re4+ 44. Kg3 Ree6 45. Rb6 Kg5 46. a5 Rd5
47. Rc5 Rh6 48. Rxd5 Rh3+ 49. Kg2 cxd5 50. a6 f4 51. exf4+ Kxf4 52. a7 Ra3 53.
Rb7 Ke4 54. Rg7 Kxd4 55. Rxg4+ Ke5 56. Rg7 Kf4 57. Rd7 Ra5 58. Rf7+ Ke4 59. f3+
Ke3 60. Re7+ Kf4 61. Rd7 Ra2+ 62. Kg1 Kg3 63. Rg7+ Kxf3 64. Rf7+ {Game drawn by
mutual agreement} 1/2-1/2

[Event "Team 45 45 League T48"]
[Site "Internet Chess Club"]
[Date "2011.02.21"]
[Round "2"]
[White "Rookmaster"]
[Black "Philly-Boy"]
[Result "0-1"]
[WhiteElo "1704"]
[BlackElo "1869"]
[Opening "Scandinavian defense"]
[ECO "B01"]
[Time "22:00:07"]
[TimeControl "2700+45"]

1. e4 d5 2. exd5 Nf6 3. d4 Bg4 4. f3 Bf5 5. Bb5+ c6 6. dxc6 Nxc6 7. c4 e6 8. Nc3
Qb6 9. Bxc6+ bxc6 10. c5 Qc7 11. Nge2 Rd8 12. Qb3 e5 13. dxe5 Qxe5 14. O-O Bxc5+
15. Kh1 O-O 16. Bf4 Qe7 17. Ng3 Be6 18. Qc2 Nd5 19. Nxd5 Rxd5 20. b3 Rfd8 21.
Rfd1 Bd4 22. Rac1 c5 23. Ne2 Bf5 24. Qc4 g5 25. Bg3 h5 26. Nxd4 cxd4 27. Re1 Qd7
28. Qb4 Rb5 29. Qd2 Bg6 30. Re5 f6 31. Rec5 h4 32. Bxh4 Rxc5 33. Rxc5 gxh4 34.
Qh6 Kf7 35. f4 Rc8 36. Rxc8 Qxc8 37. f5 Qxf5 38. h3 Qf1+ 39. Kh2 d3 40. Qe3 Qe2
41. Qxa7+ Qe7 42. Qf2 Qd6+ 43. Kg1 d2 44. Qa7+ Kf8 {White resigns} 0-1

[Event "Team 45 45 League T48"]
[Site "Internet Chess Club"]
[Date "2011.02.19"]
[Round "2"]
[White "Monsieur"]
[Black "Kingofknights"]
[Result "1-0"]
[WhiteElo "1554"]
[BlackElo "1608"]
[Opening "Caro-Kann: exchange variation"]
[ECO "B13"]
[Time "21:00:08"]
[TimeControl "2700+45"]

1. e4 c6 2. d4 d5 3. exd5 cxd5 4. Nc3 e6 5. Bf4 Bb4 6. Nf3 Nc6 7. Bb5 Bd7 8. O-O
Nge7 9. Ng5 a6 10. Bd3 Nxd4 11. Bxh7 Nec6 12. Nxf7 Qh4 13. Bg6 Qxf4 14. Nxh8+
Ke7 15. Qh5 Ne5 16. Rae1 Kd6 17. Rxe5 Rxh8 18. Qxh8 Qxe5 19. Qf8+ Kc7 20. Qxb4
Nxc2 21. Bxc2 {Black resigns} 1-0

[Event "Team 45 45 League T48"]
[Site "Internet Chess Club"]
[Date "2011.02.21"]
[Round "2"]
[White "Ernie1"]
[Black "BrerRabbit"]
[Result "1-0"]
[WhiteElo "1608"]
[BlackElo "1568"]
[Opening "Trompowsky attack (Ruth, Opocenský opening)"]
[ECO "A45"]
[Time "20:21:20"]
[TimeControl "2700+45"]

1. d4 Nf6 2. Bg5 d6 3. Bxf6 exf6 4. e3 f5 5. Nf3 g6 6. g3 Bg7 7. Bg2 Nd7 8. c4
O-O 9. O-O Nf6 10. Nc3 c6 11. Qc2 Re8 12. Nd2 Rb8 13. Rfe1 d5 14. cxd5 cxd5 15.
Qa4 a6 16. Nxd5 Ne4 17. Nxe4 fxe4 18. Nc3 Bd7 19. Qb3 Bf5 20. Rac1 Be6 21. Qc2
Rc8 22. Qxe4 Bxa2 23. Qxb7 Bc4 24. Na4 Rb8 25. Qc6 Bb5 26. Qc2 Rc8 27. Qxc8 Qxc8
28. Rxc8 Rxc8 29. Nc5 Bf8 30. b4 Rb8 31. Rb1 Rb6 32. Bf1 Bd6 33. Bxb5 axb5 34.
Kf1 Be7 35. Ke2 h5 36. Ra1 Kg7 37. Ra7 Bf6 38. Nd7 Rc6 39. Nxf6 Kxf6 40. Rb7
Rc2+ 41. Kf3 g5 42. Rxb5 g4+ 43. Kg2 {Black resigns} 1-0

[Event "Team 45 45 League T48"]
[Site "Internet Chess Club"]
[Date "2011.02.21"]
[Round "2"]
[White "Traho"]
[Black "LeanSixSigma"]
[Result "0-1"]
[WhiteElo "1200"]
[BlackElo "1442"]
[Opening "Ruy Lopez: modern Steinitz defense"]
[ECO "C71"]
[Time "12:00:14"]
[TimeControl "2700+45"]

1. e4 e5 2. Nf3 Nc6 3. Bb5 a6 4. Ba4 d6 5. d4 b5 6. d5 Na5 7. Bb3 Nxb3 8. axb3
Nf6 9. Nc3 Bg4 10. h3 Bh5 11. Bg5 Be7 12. Qd3 Nd7 13. Bxe7 Qxe7 14. Nxb5 Nc5 15.
Nc3 Nxd3+ {White resigns} 0-1